Map: Kairos Junction LE

Players

MechaCaulk

  • Race: Zerg Zerg
  • League: Platinum
  • Spawn Location: 11:00

Hambone - Winner!

  • Race: Protoss Protoss
  • League: Silver
  • Spawn Location: 5:00

VOD

Have the link to the VOD?

Description

Time

  • Played on: April 25, 2019, 4:35 a.m.
  • Length: 5:06
Show
View Real Time Build Order
Export as new Build Order

MechaCaulk Zerg 

Build Orders: Pool Only 

Get SALT Encoding   

  12  0:02  Drone  
  13  1:05  Spawning Pool  
  5  2:13  Zergling x2  
  5  2:14  Zergling x4  
  8  2:31  Zergling x2  
  9  2:43  Zergling x2  
  8  3:08  Zergling x4  
  7  3:42  Zergling x4  
  7  4:14  Zergling x4  
Show
View Real Time Build Order
Export as new Build Order

Hambone Protoss - Winner!

Build Orders:  

Get SALT Encoding   

  12  0:01  Probe  
  13  0:13  Probe  
  14  0:19  Pylon  
  14  0:21  Probe  
  15  0:37  Gateway  
  15  0:42  Probe  
  16  0:54  Probe  
  16  1:06  Probe  
  15  1:44  Pylon  
  15  1:56  Pylon  
  15  2:02  Probe  
  15  2:03  Gateway  
  15  2:04  Gateway  
  16  2:14  Probe  
  17  2:20  Assimilator  
  17  2:24  Assimilator  
  17  2:34  Probe  
  18  2:42  Probe  
  18  2:50  Probe  
  19  2:57  Cybernetics Core  
  20  3:00  Probe  
  22  3:12  Probe  
  22  3:24  Probe  
  23  3:38  Probe  
  23  3:39  Stalker  
  23  3:57  Pylon  
  23  4:11  Probe  
  23  4:23  Stalker, Probe  
  24  4:25  Stalker  
  28  4:36  Probe  
  29  5:02  Pylon  
  29  5:05  Pylon  
Tags
 
Add a new tag
Caveats
  • Supply blocks, unpowered buildings, or Contaminate may cause inaccurate times.
  • Supply counts are checked every 10 seconds.